Map: Dusk Towers

Players

Fropez

  • Race: Protoss Protoss
  • League: Silver
  • Spawn Location: 1:00

Frank - Winner!

  • Race: Terran Terran
  • League: Silver
  • Spawn Location: 7:00

VOD

Have the link to the VOD?

Description

Time

  • Played on: May 27, 2016, 11:27 a.m.
  • Length: 5:31
Show
View Real Time Build Order
Export as new Build Order

Fropez Protoss 

Build Orders:  

Get SALT Encoding   

  12  0:00  Probe (Chrono Boost)  
  13  0:15  Pylon  
  13  0:18  Probe (Chrono Boost)  
  14  0:35  Probe (Chrono Boost)  
  15  0:36  Gateway  
  15  0:42  Assimilator  
  15  0:45  Probe (Chrono Boost)  
  16  0:56  Probe (Chrono Boost)  
  17  0:58  Pylon  
  17  1:06  Probe (Chrono Boost)  
  18  1:17  Probe (Chrono Boost)  
  19  1:20  Pylon  
  19  1:27  Cybernetics Core  
  19  1:29  Probe (Chrono Boost)  
  20  1:41  Probe (Chrono Boost)  
  21  1:47  Assimilator  
  21  1:51  Probe (Chrono Boost)  
  22  2:03  Pylon  
  22  2:06  Stalker, Mothership Core (Chrono Boost)  
  26  2:21  Warp Gate (Chrono Boost)  
  26  2:24  Probe (Chrono Boost)  
  27  2:35  Probe (Chrono Boost)  
  28  2:37  Stalker  
  30  2:45  Probe (Chrono Boost), Gateway x2  
  31  2:52  Gateway  
  31  2:56  Probe (Chrono Boost)  
  32  2:59  Pylon  
  32  3:07  Stalker  
  32  3:29  Pylon  
  29  3:56  Probe  
  29  3:58  Nexus  
  29  4:01  Assimilator  
  30  4:05  Forge, Assimilator  
  30  4:08  Pylon  
  30  4:10  Pylon  
  30  4:15  Pylon  
  30  4:24  Stalker x2  
  34  4:28  Stalker  
  36  4:40  Probe  
  35  4:54  Stalker  
  34  5:08  Mothership Core  
Show
View Real Time Build Order
Export as new Build Order

Frank Terran - Winner!

Build Orders:  

Get SALT Encoding   

  12  0:01  SCV  
  13  0:14  Supply Depot  
  13  0:18  SCV  
  14  0:29  Supply Depot  
  14  0:33  SCV  
  15  0:45  SCV  
  16  0:55  Barracks  
  16  0:59  SCV  
  16  1:04  Barracks  
  17  1:12  SCV  
  18  1:24  Barracks  
  18  1:25  SCV  
  19  1:39  Refinery  
  19  1:42  Marine  
  20  1:59  Marine  
  21  2:06  Orbital Command  
  21  2:12  Barracks  
  21  2:18  Marine x2, Barracks  
  21  2:19  Marine  
  24  2:34  SCV  
  24  2:36  Marine  
  26  2:37  Supply Depot  
  26  2:39  Marine x2  
  28  2:54  Marine  
  28  2:57  Marine x2  
  31  3:01  Barracks Tech Lab  
  31  3:09  Marine  
  31  3:12  Marine  
  33  3:15  Marine x2  
  35  3:27  Marine  
  35  3:30  Marine  
  35  3:32  Marine  
  36  3:45  Marine x3  
  36  3:47  Marine  
  39  3:54  Combat Shields  
  39  3:55  Marine  
  40  4:03  Marine x3  
  40  4:05  Marine  
  44  4:13  Marine, Supply Depot  
  45  4:21  Marine x2  
  47  4:34  Marine x3  
  50  4:38  Marine  
  50  4:39  Marine  
  52  4:52  Marine x3  
  53  4:56  Marine x2  
  53  5:10  Marine x2  
  53  5:13  Marine  
Tags
 
Matchup
PvT
Replay Pack
All Mines
Spawn Locations
Cross Positions
Add a new tag
Caveats
  • Supply blocks, unpowered buildings, or Contaminate may cause inaccurate times.
  • Supply counts are checked every 10 seconds.